APL (24 & UNDER)
MONTGOMERY GREY SOX @ PENSACOLA PILOTS
07/27/2028
 
TOP OF THE 1ST
Montgomery Grey Sox batting - Pitching for Pensacola Pilots : RHP Tim Murray
Pitching: RHP Tim Murray
Batting: LHB Aaron Thompson 0-0: Ball
1-0: Ball
2-0: Called Strike
2-1: Foul Ball, location: 2F
2-2: Strikes out swinging
Batting: LHB Marcos Féliz 0-0: Foul Ball, location: 2F
0-1: Foul Ball, location: 2F
0-2: Ball
1-2: SINGLE (Line Drive, 4MD)
Batting: RHB Lorenzo Tamayo 0-0: Grounds into double play, 6-4-3 (Groundball, 6)
Top of the 1st over - 0 run(s), 1 hit(s), 0 error(s), 0 left on base; Montgomery 0 - Pensacola 0
BOTTOM OF THE 1ST
Pensacola Pilots batting - Pitching for Montgomery Grey Sox : LHP Raúl Coranillo
Pitching: LHP Raúl Coranillo
Batting: LHB Armando Domínguez 0-0: Ball
1-0: Foul Ball, location: 2F
1-1: TRIPLE (Flyball, 8RXD)
Batting: RHB Dennis Mays 0-0: Called Strike
0-1: Swinging Strike
0-2: Strikes out looking
Batting: RHB Jesús Sánchez 0-0: Ball
1-0: Ground out 6-3 (Groundball, 6)
Armando Domínguez scores
Batting: RHB Robert Rose 0-0: Ball
1-0: Ball
2-0: Fly out, F8 (Flyball, 8RD)
Bottom of the 1st over - 1 run(s), 1 hit(s), 0 error(s), 0 left on base; Montgomery 0 - Pensacola 1
TOP OF THE 2ND
Montgomery Grey Sox batting - Pitching for Pensacola Pilots : RHP Tim Murray
Batting: RHB Fred Moulds 0-0: Swinging Strike
0-1: Swinging Strike
0-2: Foul Ball, location: 2F
0-2: Ball
1-2: Ball
2-2: Foul Ball, location: 2F
2-2: Strikes out swinging
Batting: LHB Robinson López 0-0: Called Strike
0-1: Ground out 4-3 (Groundball, 4)
Batting: RHB Andrés Jiménez 0-0: Foul Ball, location: 2F
0-1: Called Strike
0-2: Strikes out swinging
Top of the 2nd over - 0 run(s), 0 hit(s), 0 error(s), 0 left on base; Montgomery 0 - Pensacola 1
BOTTOM OF THE 2ND
Pensacola Pilots batting - Pitching for Montgomery Grey Sox : LHP Raúl Coranillo
Batting: RHB Aaron Grizzle 0-0: Foul Ball, location: 2F
0-1: Foul Ball, location: 2F
0-2: Foul Ball, location: 2F
0-2: Ball
1-2: Foul Ball, location: 2F
1-2: Ball
2-2: Strikes out swinging
Batting: RHB Jeff Bergeron 0-0: Ball
1-0: Called Strike
1-1: SOLO HOME RUN (Line Drive, 78XD), Distance : 439 ft
Batting: RHB Albert Morán 0-0: Bunted foul
0-1: Ball
1-1: Swinging Strike
1-2: Ball
2-2: Ball
3-2: Strikes out looking
Batting: RHB José Ramos 0-0: Called Strike
0-1: Foul Ball, location: 2F
0-2: SOLO HOME RUN (Flyball, 78XD), Distance : 430 ft
Batting: RHB Bill Andrews 0-0: Ball
1-0: Foul Ball, location: 2F
1-1: Ball
2-1: Ball
3-1: Base on Balls
Batting: LHB Armando Domínguez 0-0: Called Strike
0-1: Swinging Strike
0-2: Hit by Pitch
Bill Andrews to second
Batting: RHB Dennis Mays 0-0: Ball
1-0: Called Strike
1-1: Swinging Strike
1-2: Strikes out looking
Bottom of the 2nd over - 2 run(s), 2 hit(s), 0 error(s), 2 left on base; Montgomery 0 - Pensacola 3
TOP OF THE 3RD
Montgomery Grey Sox batting - Pitching for Pensacola Pilots : RHP Tim Murray
Batting: RHB Ismael Pérez 0-0: Ball
1-0: Called Strike
1-1: Foul Ball, location: 2F
1-2: Ball
2-2: Strikes out swinging
Batting: RHB Joe LaFontaine 0-0: Swinging Strike
0-1: Ball
1-1: Called Strike
1-2: Ball
2-2: Strikes out swinging
Batting: RHB Roy Powell 0-0: Called Strike
0-1: Swinging Strike
0-2: Foul Ball, location: 2F
0-2: Strikes out swinging
Top of the 3rd over - 0 run(s), 0 hit(s), 0 error(s), 0 left on base; Montgomery 0 - Pensacola 3
BOTTOM OF THE 3RD
Pensacola Pilots batting - Pitching for Montgomery Grey Sox : LHP Raúl Coranillo
Batting: RHB Jesús Sánchez 0-0: Fly out, F7 (Flyball, 7S)
Batting: RHB Robert Rose 0-0: Swinging Strike
0-1: Ball
1-1: Foul Ball, location: 2F
1-2: Strikes out swinging
Batting: RHB Aaron Grizzle 0-0: Foul Ball, location: 2F
0-1: Swinging Strike
0-2: Foul Ball, location: 2F
0-2: Strikes out swinging
Bottom of the 3rd over - 0 run(s), 0 hit(s), 0 error(s), 0 left on base; Montgomery 0 - Pensacola 3
TOP OF THE 4TH
Montgomery Grey Sox batting - Pitching for Pensacola Pilots : RHP Tim Murray
Batting: LHB Aaron Thompson 0-0: Called Strike
0-1: Called Strike
0-2: Foul Ball, location: 2F
0-2: Ball
1-2: Foul Ball, location: 2F
1-2: Ball
2-2: Foul Ball, location: 2F
2-2: Strikes out looking
Batting: LHB Marcos Féliz 0-0: Called Strike
0-1: Ball
1-1: Called Strike
1-2: Ball
2-2: Strikes out swinging, 2-3 out at first.
Batting: RHB Lorenzo Tamayo 0-0: Swinging Strike
0-1: Foul Ball, location: 2F
0-2: Hit by Pitch
Batting: RHB Fred Moulds 0-0: Called Strike
Pickoff Throw to First - Out!
Top of the 4th over - 0 run(s), 0 hit(s), 0 error(s), 0 left on base; Montgomery 0 - Pensacola 3
BOTTOM OF THE 4TH
Pensacola Pilots batting - Pitching for Montgomery Grey Sox : LHP Raúl Coranillo
Batting: RHB Jeff Bergeron 0-0: Ball
1-0: DOUBLE (Line Drive, 8LM)
Batting: RHB Albert Morán 0-0: Called Strike
0-1: Ball
1-1: Called Strike
1-2: Ball
2-2: Fly out, F7 (Flyball, 7)
Batting: RHB José Ramos 0-0: Ball
1-0: Foul Ball, location: 2F
1-1: Foul Ball, location: 2F
1-2: Ball
2-2: Ball
3-2: Base on Balls
Batting: RHB Bill Andrews 0-0: Called Strike
0-1: Ball
1-1: Ball
2-1: Called Strike
2-2: Ball
3-2: Foul Ball, location: 2F
3-2: Foul Ball, location: 2F
3-2: Base on Balls
Jeff Bergeron to third
José Ramos to second
Batting: LHB Armando Domínguez 0-0: Ball
1-0: DOUBLE (Line Drive, 8LD)
Jeff Bergeron scores
José Ramos scores
Bill Andrews to third
Batting: RHB Dennis Mays 0-0: Ball
1-0: Foul Ball, location: 2F
1-1: Called Strike
1-2: Strikes out swinging
Batting: RHB Jesús Sánchez 0-0: Ball
1-0: Ball
2-0: Called Strike
2-1: Ball
3-1: Base on Balls
Batting: RHB Robert Rose 0-0: Ball
1-0: Ball
2-0: Fly out, F8 (Flyball, 8RM)
Bottom of the 4th over - 2 run(s), 2 hit(s), 0 error(s), 3 left on base; Montgomery 0 - Pensacola 5
TOP OF THE 5TH
Montgomery Grey Sox batting - Pitching for Pensacola Pilots : RHP Tim Murray
Batting: RHB Fred Moulds 0-0: Ball
1-0: Ball
2-0: Ball
3-0: Called Strike
3-1: Ground out 5-3 (Groundball, 5)
Batting: LHB Robinson López 0-0: Called Strike
0-1: Foul Ball, location: 2F
0-2: Strikes out looking
Batting: RHB Andrés Jiménez 0-0: Ball
1-0: Ball
2-0: Called Strike
2-1: Fly out, F4 (Popup, 34)
Top of the 5th over - 0 run(s), 0 hit(s), 0 error(s), 0 left on base; Montgomery 0 - Pensacola 5
BOTTOM OF THE 5TH
Pensacola Pilots batting - Pitching for Montgomery Grey Sox : LHP Raúl Coranillo
Pitching: RHP Jorge Cherena
Batting: RHB Aaron Grizzle 0-0: Foul Ball, location: 2F
0-1: Called Strike
0-2: Ball
1-2: SINGLE (Line Drive, 6MD)
Batting: RHB Jeff Bergeron 0-0: Fly out, F4 (Line Drive, 4M)
Batting: RHB Albert Morán 0-0: Swinging Strike
0-1: Ball
1-1: Foul Ball, location: 2F
1-2: Foul Ball, location: 2F
1-2: Ball
2-2: Strikes out looking
Batting: RHB José Ramos 0-0: DOUBLE (Line Drive, 7LD)
Aaron Grizzle to third
Runner from 3rd tries for Home, SAFE, no throw
Batting: RHB Bill Andrews 0-0: Foul Ball, location: 2F
0-1: Ball
1-1: Ball
2-1: Foul Ball, location: 2F
2-2: Ball
3-2: Strikes out swinging
Bottom of the 5th over - 1 run(s), 2 hit(s), 0 error(s), 1 left on base; Montgomery 0 - Pensacola 6
TOP OF THE 6TH
Montgomery Grey Sox batting - Pitching for Pensacola Pilots : RHP Tim Murray
Batting: RHB Ismael Pérez 0-0: Ball
1-0: Ground out 4-3 (Groundball, 4)
Batting: RHB Joe LaFontaine 0-0: Ground out 5-3 (Groundball, 56)
Batting: RHB Roy Powell 0-0: Fly out, F9 (Flyball, 9LSF)
Top of the 6th over - 0 run(s), 0 hit(s), 0 error(s), 0 left on base; Montgomery 0 - Pensacola 6
BOTTOM OF THE 6TH
Pensacola Pilots batting - Pitching for Montgomery Grey Sox : RHP Jorge Cherena
Batting: LHB Armando Domínguez 0-0: Called Strike
0-1: Ball
1-1: Ground out 4-3 (Groundball, 4)
Batting: RHB Dennis Mays 0-0: Ball
1-0: Ball
2-0: Ball
3-0: Called Strike
3-1: Foul Ball, location: 2F
3-2: SINGLE (Groundball, 4MD)
Batting: RHB Jesús Sánchez 0-0: Ball
1-0: SINGLE (Line Drive, 7S)
Dennis Mays to second
Batting: RHB Robert Rose 0-0: Called Strike
0-1: Ball
1-1: Ball
2-1: DOUBLE (Line Drive, 89D)
Dennis Mays scores
Jesús Sánchez to third
Runner from 3rd tries for Home, throw and OUT!
Robert Rose to third
Batting: RHB Aaron Grizzle 0-0: Foul Ball, location: 2F
0-1: Ball
1-1: Foul Ball, location: 2F
1-2: Foul Ball, location: 2F
1-2: 2-RUN HOME RUN (Flyball, 78XD), Distance : 427 ft
Pitching: LHP Zak Smith
Batting: RHB Jeff Bergeron 0-0: Swinging Strike
0-1: Foul Ball, location: 2F
0-2: Ball
1-2: Ball
2-2: Strikes out swinging, 2-3 out at first.
Bottom of the 6th over - 3 run(s), 4 hit(s), 0 error(s), 0 left on base; Montgomery 0 - Pensacola 9
TOP OF THE 7TH
Montgomery Grey Sox batting - Pitching for Pensacola Pilots : RHP Tim Murray
Batting: LHB Aaron Thompson 0-0: Fly out, F8 (Flyball, 8LD)
Batting: LHB Marcos Féliz 0-0: Called Strike
0-1: Ball
1-1: Foul Ball, location: 2F
1-2: Ball
2-2: SINGLE (Groundball, 6MD)
Batting: RHB Lorenzo Tamayo 0-0: Called Strike
0-1: Ball
1-1: Foul Ball, location: 2F
1-2: Ball
2-2: Ball
3-2: Base on Balls
Marcos Féliz to second
Batting: RHB Fred Moulds 0-0: Ball
1-0: Ball
2-0: SINGLE (Groundball, 5D)
Marcos Féliz to third
Lorenzo Tamayo to second
Runner from 3rd tries for Home, SAFE, no throw
Batting: LHB Robinson López 0-0: Swinging Strike
0-1: Swinging Strike
0-2: Ball
1-2: Ball
2-2: Strikes out swinging
Pitching: RHP Don Anderson
Batting: RHB Andrés Jiménez 0-0: Called Strike
0-1: Fielders Choice at 2nd, 6-4 (Groundball, 6)
Top of the 7th over - 1 run(s), 2 hit(s), 0 error(s), 1 left on base; Montgomery 1 - Pensacola 9
BOTTOM OF THE 7TH
Pensacola Pilots batting - Pitching for Montgomery Grey Sox : LHP Zak Smith
Batting: RHB Albert Morán 0-0: Called Strike
0-1: Foul Ball, location: 2F
0-2: Foul Ball, location: 2F
0-2: Ball
1-2: Fly out, F3 (Popup, 3L)
Batting: RHB José Ramos 0-0: Called Strike
0-1: Ball
1-1: SINGLE (Groundball, 34D)
Batting: RHB Bill Andrews 0-0: Ball
1-0: Called Strike
1-1: Called Strike
1-2: Foul Ball, location: 2F
1-2: Ball
2-2: Strikes out looking
Batting: LHB Armando Domínguez 0-0: Ball
1-0: Fly out, F8 (Flyball, 8RS)
Bottom of the 7th over - 0 run(s), 1 hit(s), 0 error(s), 1 left on base; Montgomery 1 - Pensacola 9
TOP OF THE 8TH
Montgomery Grey Sox batting - Pitching for Pensacola Pilots : RHP Don Anderson
Batting: RHB Ismael Pérez 0-0: Ball
1-0: Called Strike
1-1: Ground out U3 (Groundball, 3)
Batting: RHB Joe LaFontaine 0-0: Foul Ball, location: 2F
0-1: Swinging Strike
0-2: Ball
1-2: Strikes out looking
Batting: RHB Roy Powell 0-0: Ball
1-0: Called Strike
1-1: Foul Ball, location: 2F
1-2: Ball
2-2: Foul Ball, location: 2F
2-2: Ground out 1-3 (Groundball, 13S)
Top of the 8th over - 0 run(s), 0 hit(s), 0 error(s), 0 left on base; Montgomery 1 - Pensacola 9
BOTTOM OF THE 8TH
Pensacola Pilots batting - Pitching for Montgomery Grey Sox : LHP Zak Smith
Pinch Hitting: SHB Fernando Gutiérrez 0-0: Ball
1-0: Fly out, F4 (Popup, 4S)
Batting: RHB Jesús Sánchez 0-0: SINGLE (Flyball, 9S)
Batting: RHB Robert Rose 0-0: Ball
1-0: Ball
2-0: Called Strike
2-1: Ball
3-1: Foul Ball, location: 2F
3-2: Strikes out swinging
Batting: RHB Aaron Grizzle 0-0: Ball
1-0: Called Strike
1-1: Ball
2-1: Swinging Strike
2-2: Strikes out swinging
Bottom of the 8th over - 0 run(s), 1 hit(s), 0 error(s), 1 left on base; Montgomery 1 - Pensacola 9
TOP OF THE 9TH
Montgomery Grey Sox batting - Pitching for Pensacola Pilots : RHP Don Anderson
Now in CF: Ricardo García
Batting: LHB Aaron Thompson 0-0: Called Strike
0-1: Fly out, F4 (Popup, 34D)
Batting: LHB Marcos Féliz 0-0: Ball
1-0: Called Strike
1-1: Ground out 5-3 (Groundball, 56)
Batting: RHB Lorenzo Tamayo 0-0: Called Strike
0-1: Ball
1-1: Swinging Strike
1-2: Foul Ball, location: 2F
1-2: Ball
2-2: DOUBLE (Line Drive, 8LD)
Batting: RHB Fred Moulds 0-0: Fly out, F8 (Flyball, 8RXD)
Top of the 9th over - 0 run(s), 1 hit(s), 0 error(s), 1 left on base; Montgomery 1 - Pensacola 9
Tuesday, August 8th, 2017 - OOTP Baseball 17.12 Build 75